 Dungeon Crawl Stone Soup version 0.16.0-17-g811c1d7 (webtiles) character file.

11492 Nefaurd the Cleaver (level 11, -11/97 HPs)
             Began as a Hill Orc Fighter on Mar 19, 2015.
             Was a Priest of Beogh.
             Mangled by a tentacled starspawn (13 damage)
             ... on level 1 of the Abyss on Mar 20, 2015.
             The game lasted 01:16:42 (13377 turns).

Nefaurd the Cleaver (Hill Orc Fighter)             Turns: 13377, Time: 01:16:42

Health: -11/97     AC: 20    Str: 21    XL:     11   Next: 78%
Magic:  2/22       EV:  5    Int: 10    God:    Beogh [***...]
Gold:   1121       SH: 12    Dex: 12    Spells: 0 memorised, 10 levels left

rFire  + . .     SeeInvis .     a - +0 war axe
rCold  . . .     Clarity  .     M - +2 plate armour {rF+}
rNeg   + . .     SustAb   .     c - +0 shield
rPois  .         Gourm    .     w - +0 helmet
rElec  .         Spirit   .     H - +0 cloak
rCorr  .         Warding  .     (no gloves)
rMut   .         Stasis   +     (no boots)
MR     .....                    F - amulet of stasis
Stlth  ..........               J - +2 ring of intelligence
                                j - ring of positive energy

@: not resistant to hostile enchantments, extremely unstealthy
A: no striking features
a: Smiting, Renounce Religion


You were on level 1 of the Abyss.
You worshipped Beogh.
Beogh was most pleased with you.
You were not hungry.

You visited 3 branches of the dungeon, and saw 14 of its levels.
You visited the Abyss 1 time.

You collected 1401 gold pieces.
You spent 280 gold pieces at shops.

Inventory:

Hand weapons
 a - a +0 war axe (weapon)
 h - a +0 hand axe of chopping
 A - a +0 broad axe
 G - a +2 quarterstaff of chaos
 I - a +0 hammer
Missiles
 C - 8 javelins (quivered)
Armour
 b - a +0 scale mail
 c - a +0 shield (worn)
 k - a +0 plate armour
 v - a +0 plate armour of poison resistance
 w - a +0 helmet (worn)
 H - a +0 cloak (worn)
 M - a +2 plate armour of fire resistance (worn)
 R - a +0 pair of gloves
 S - the +0 scale mail of the Salamander {rC++}
   (You found it on level 9 of the Dungeon)

   It greatly protects you from cold.
Jewellery
 j - a ring of positive energy (left hand)
 B - an uncursed amulet of resist corrosion
 D - an uncursed ring of sustain abilities
 F - an amulet of stasis (around neck)
 J - a +2 ring of intelligence (right hand)
 O - an uncursed ring of flight {unknown}
Magical devices
 i - a wand of flame (25)
 N - a wand of frost (14)
 Q - a wand of hasting (6)
 U - a wand of magic darts (10)
Scrolls
 d - 6 scrolls of teleportation {unknown}
 f - a scroll of enchant armour {unknown}
 n - a scroll of amnesia {unknown}
 p - a scroll of immolation {unknown}
 q - a scroll of enchant weapon {unknown}
 s - 3 scrolls of remove curse {unknown}
 u - a scroll of recharging {unknown}
 y - 3 scrolls of fear
 P - a scroll of noise {unknown}
Potions
 e - 5 potions of might
 g - 3 potions of brilliance
 l - 4 potions of magic
 m - 2 potions of poison
 r - 4 potions of berserk rage
 t - 2 potions of haste
 x - a potion of lignification
 z - 2 potions of curing
 E - a potion of mutation {unknown}
 K - a potion of degeneration
 L - 2 potions of restore abilities {unknown}
 W - a potion of cancellation {unknown}
Books
 V - a book of Clouds

   Spells                             Type                      Level
   a - Mephitic Cloud                 Conjuration/Poison/Air       3
   b - Conjure Flame                  Conjuration/Fire             3
   c - Poisonous Cloud                Conjuration/Poison/Air       6
   d - Freezing Cloud                 Conjuration/Ice/Air          6
   e - Ring of Flames                 Charms/Fire                  7
Miscellaneous
 X - a sack of spiders
Comestibles
 o - 2 royal jellies
 T - 24 fruits


   Skills:
 + Level 9.2 Fighting
 * Level 14.7 Axes
 + Level 9.3 Armour
 + Level 9.1 Shields
 * Level 7.1 Invocations


You had 10 spell levels left.
You didn't know any spells.

Dungeon Overview and Level Annotations

Branches:
Dungeon (9/15)             Temple (1/1) D:4             Orc (4/4) D:9
    Elf (0/3) Orc:3
   Lair: D:8-11

Altars:
Ashenzari
Cheibriados
Dithmenos
Elyvilon
Fedhas
Gozag
Kikubaaqudgha
Makhleb
Nemelex Xobeh
Okawaru
Qazlal
Ru
Sif Muna
Trog
Vehumet
Xom
Yredelemnul
Zin
The Shining One
Beogh

Shops:
D:4 %   D:5 [   Orc:3 }   Orc:4 [


Message History

Aiming: Smiting
Press: ? - help, Dir - move target cursor, f/p - tentacled starspawn Smite: a tentacled starspawn (lightly damaged)
You smite the tentacled starspawn!
The tentacled starspawn is moderately damaged.
You feel somewhat more hungry.
Use which ability? (? or * to list)
You don't have enough magic at the moment.
Unknown command.
The tentacled starspawn bites you!
* * * LOW HITPOINT WARNING * * *
The tentacled starspawn completely misses you.
You slash the tentacled starspawn!
The tentacled starspawn is heavily damaged.
You barely miss the tentacled starspawn.
The tentacled starspawn is heavily damaged.
The tentacled starspawn bites you.
* * * LOW HITPOINT WARNING * * *
The tentacled starspawn engulfs you!
You die...

.#
##..#..#..#
# . ..
..### . #
#. #.. .# .
#.## # ...
.# ..#
#.#.##.###
. ..
......# .
..#..##.#.#
####.##.X##
. . .##@#
#.. ### #.
.. . #


You could see a tentacled starspawn.

Vanquished Creatures
  An orc warlord (Orc:3)
  A thrashing horror (Abyss:1)
  A deep troll (Orc:4)
  An unseen horror (D:9)
  A smoke demon (Abyss:1)
  Joseph (D:8)
  Psyche (D:8)
  3 trolls
  A two-headed ogre (D:8)
  3 yaks (D:8)
  A deep elf mage (D:9)
  2 wargs (Orc:3)
  A hippogriff (D:7)
  A wyvern (D:8)
  A hungry ghost (D:8)
  Edmund (D:6)
  A water moccasin (D:8)
  12 orc warriors
  A black bear (D:8)
  11 ogres
  A necrophage (D:7)
  3 phantoms
  An ice beast (D:8)
  3 centaurs
  Duvessa (D:8)
  A big kobold (D:9)
  Blork the orc (Orc:1)
  A gnoll sergeant (D:6)
  A wyvern skeleton (D:7)
  A scorpion (D:8)
  3 giant frogs (D:6)
  6 killer bees (D:9)
  4 wights (D:6)
  A centaur zombie (D:7)
  A quasit (D:8)
  A goliath beetle (D:6)
  Dowan (D:8)
  2 crimson imps (D:7)
  15 orc wizards
  5 hounds
  2 jellies
  Crazy Yiuf (D:6)
  An iguana (D:8)
  4 centaur skeletons
  9 orc priests
  2 gnoll shamans
  5 worker ants
  A killer bee zombie (D:8)
  A hound skeleton (D:7)
  A worker ant zombie (D:9)
  Robin (D:4)
  7 adders
  19 gnolls
  2 worms
  2 adder skeletons
  2 oozes
  53 orcs
  A ball python (D:4)
  2 bat skeletons (D:6)
  2 bat zombies (D:8)
  5 giant cockroaches
  34 goblins
  24 hobgoblins
  3 jackals (D:4)
  9 kobolds
  3 quokkas
  13 bats
  2 giant cockroach zombies (D:5)
  4 giant geckos
  5 giant newts
  A giant spore (D:8)
  A jackal zombie (D:9)
  A quokka skeleton (D:5)
  6 rats
  3 ballistomycetes
331 creatures vanquished.

Vanquished Creatures (collateral kills)
  An ogre (Orc:4)
  2 orc warriors (Orc:3)
  3 orc priests
  2 orc wizards
  11 orcs
  3 goblins (Orc:2)
22 creatures vanquished.

Vanquished Creatures (others)
  5 orc warriors
  3 orc wizards
  4 orc priests
  35 orcs
  2 giant spores
  A ballistomycete (D:8)
50 creatures vanquished.

Grand Total: 403 creatures vanquished

Notes
Turn   | Place    | Note
--------------------------------------------------------------
     0 | D:1      | Nefaurd, the Hill Orc Fighter, began the quest for the Orb.
     0 | D:1      | Reached XP level 1. HP: 19/19 MP: 1/1
   405 | D:1      | You fall through a shaft!
   449 | D:2      | Reached XP level 2. HP: 21/26 MP: 2/2
   609 | D:2      | Reached skill level 4 in Axes
  1091 | D:2      | Reached XP level 3. HP: 31/31 MP: 3/3
  1378 | D:1      | Reached skill level 5 in Axes
  1839 | D:1      | Reached XP level 4. HP: 40/40 MP: 4/4
  2044 | D:3      | Found a snail-covered altar of Cheibriados.
  2181 | D:3      | Found an ancient bone altar of Kikubaaqudgha.
  2585 | D:3      | Reached XP level 5. HP: 39/46 MP: 5/5
  2940 | D:4      | Found a staircase to the Ecumenical Temple.
  2955 | Temple   | Entered the Ecumenical Temple
  3278 | D:4      | Found Netadof's Food Boutique.
  3417 | D:4      | Noticed an ogre
  3426 | D:4      | Killed an ogre
  3426 | D:4      | Reached skill level 6 in Axes
  3426 | D:4      | Reached XP level 6. HP: 46/52 MP: 6/6
  3536 | D:4      | Noticed Robin
  3548 | D:4      | Killed Robin
  4040 | D:5      | Entered Level 5 of the Dungeon
  4120 | D:5      | Reached skill level 5 in Armour
  4120 | D:5      | Reached XP level 7. HP: 52/60 MP: 7/7
  4245 | D:5      | Reached skill level 5 in Shields
  4403 | D:5      | Found Pnucuev's Armour Boutique.
  4441 | D:5      | Found a stormy altar of Qazlal.
  4441 | D:5      | Noticed an air elemental
  4443 | D:5      | Noticed a water elemental
  4444 | D:5      | Noticed a fire elemental
  4792 | D:6      | Reached skill level 7 in Axes
  4985 | D:6      | Found a glowing golden altar of the Shining One.
  5169 | D:6      | Reached skill level 5 in Fighting
  5202 | D:6      | Reached XP level 8. HP: 27/68 MP: 8/8
  5410 | D:6      | Found a burning altar of Makhleb.
  5430 | D:6      | Noticed Edmund
  5441 | D:6      | Killed Edmund
  5441 | D:6      | Reached skill level 8 in Axes
  5730 | D:6      | Found a shadowy altar of Dithmenos.
  5832 | D:6      | Noticed Crazy Yiuf
  5844 | D:6      | Killed Crazy Yiuf
  6361 | D:7      | Reached skill level 9 in Axes
  6653 | D:7      | Became a worshipper of Beogh the Brigand
  6667 | D:7      | Reached XP level 9. HP: 73/75 MP: 9/9
  7093 | D:7      | Reached skill level 10 in Axes
  7408 | D:8      | Acquired Beogh's first power
  7418 | D:8      | Found a sacrificial altar of Ru.
  7483 | D:8      | Reached skill level 1 in Invocations
  7525 | D:8      | Noticed Joseph
  7542 | D:8      | Killed Joseph
  7542 | D:8      | Reached skill level 11 in Axes
  7842 | D:8      | Reached XP level 10. HP: 82/86 MP: 16/16
  7916 | D:8      | Noticed Dowan
  7917 | D:8      | Noticed Duvessa
  7946 | D:8      | Killed Duvessa
  7955 | D:8      | Killed Dowan
  8389 | D:8      | Reached skill level 12 in Axes
  8533 | D:8      | Found a bloodstained altar of Trog.
  8546 | D:8      | Noticed Psyche
  8555 | D:8      | Killed Psyche
  8555 | D:8      | Acquired Beogh's second power
  9436 | D:9      | Killed an unseen horror
  9436 | D:9      | Reached skill level 13 in Axes
  9436 | D:9      | Reached skill level 5 in Invocations
 10165 | D:9      | Got a dazzling scale mail
 10176 | D:9      | Identified the +0 scale mail of the Salamander {rC++} (You found it on level 9 of the Dungeon)
 10240 | D:9      | Found a shattered altar of Ashenzari.
 10791 | D:9      | Found a staircase to the Orcish Mines.
 10799 | D:9      | Reached XP level 11. HP: 85/95 MP: 20/20
 10885 | D:9      | Found a roughly hewn altar of Beogh.
 11255 | Orc:1    | Entered Level 1 of the Orcish Mines
 11258 | Orc:1    | Noticed Blork the orc
 11335 | Orc:1    | Acquired Beogh's third power
 11340 | Orc:1    | Killed Blork the orc
 11657 | Orc:1    | Upgraded the game from 0.16.0-16-g311141a to 0.16.0-17-g811c1d7
 12030 | Orc:3    | Found a staircase to the Elven Halls.
 12216 | Orc:3    | Gained Orgrim as an ally
 12277 | Orc:3    | Acquired Beogh's fourth power
 12342 | Orc:3    | Gained Boldo as an ally
 12467 | Orc:3    | Found Ilexe's Gadget Boutique.
 12485 | Orc:3    | Bought a sack of spiders for 280 gold pieces
 12565 | Orc:3    | Gained Grimold as an ally
 12637 | Orc:3    | Noticed an orc warlord
 12640 | Orc:3    | Reached skill level 14 in Axes
 12659 | Orc:3    | Your ally Boldo died
 12664 | Orc:3    | Killed an orc warlord
 12913 | Orc:4    | Entered Level 4 of the Orcish Mines
 12913 | Orc:4    | Found Itus Yta's Antique Armour Shoppe.
 12913 | Orc:4    | Noticed a deep troll
 12914 | Orc:4    | Noticed an ogre mage
 12914 | Orc:4    | Noticed a hill giant
 12919 | Orc:4    | Noticed a deep troll
 12921 | Orc:4    | Noticed a hill giant
 12922 | Orc:4    | Noticed an ogre mage
 12926 | Orc:4    | Killed a deep troll
 12927 | Orc:4    | Your ally Grimold died
 12929 | Orc:4    | Your ally Orgrim died
 13320 | Orc:4    | Cast into the Abyss (an ogre mage)
 13331 | Abyss:1  | Noticed a thrashing horror
 13364 | Abyss:1  | Killed a thrashing horror
 13370 | Abyss:1  | Noticed a tentacled starspawn
 13377 | Abyss:1  | HP: 2/97 [tentacled starspawn (6)]
 13377 | Abyss:1  | Mangled by a tentacled starspawn

Action                   |  1- 3 |  4- 6 |  7- 9 | 10-12 || total
-------------------------+-------+-------+-------+-------++-------
Melee: War axe           |    28 |       |   145 |   362 ||   535
       Hand axe          |    85 |   193 |   170 |       ||   448
Throw: Javelin           |       |       |    24 |    36 ||    60
Invok: Convert to Beogh  |       |       |     1 |       ||     1
       Smiting           |       |       |       |    16 ||    16
  Use: Scroll            |       |     3 |     6 |       ||     9
       Potion            |       |       |     1 |     4 ||     5
 Stab: Distracted        |       |       |       |     2 ||     2
  Eat: Meat ration       |     1 |       |       |       ||     1
       Beef jerky        |       |     1 |       |     4 ||     5
       Pizza             |       |     1 |       |     1 ||     2
       Chunk             |       |     2 |     2 |       ||     4
       Bread ration      |       |       |     2 |     3 ||     5
       Fruit             |       |       |     2 |       ||     2
